 Dungeon Crawl Stone Soup version 0.28-a0-1524-ge72afd5fc6 (webtiles) character file.

Game seed: 6931562945184324860

215 knot the Chopper (level 5, 0/41 HPs)
             Began as a Demonspawn Berserker on Jan 18, 2022.
             Was a Believer of Trog.
             Slain by a goblin (1 damage)
             ... while paralysed by Grinder
             ... on level 3 of the Dungeon.
             The game lasted 00:03:25 (2491 turns).

knot the Chopper (Demonspawn Berserker)             Turns: 2491, Time: 00:03:25

Health: 0/41       AC:  5    Str: 17    XL:     5   Next: 60%
Magic:  5/5        EV:  2    Int: 10    God:    Trog [**....]
Gold:   71         SH:  0    Dex: 13    Spells: 4/4 levels left

rFire   . . .      SeeInvis .   a - +0 hand axe
rCold   . . .      Faith    .   (no shield)
rNeg    . . .      Spirit   .   h - +0 leather armour
rPois   .          Reflect  .   (helmet restricted)
rElec   .          Harm     .   (no cloak)
rCorr   .          Rampage  .   b - +1 pair of gloves
Will    .....                   (no boots)
Stlth   +.........              f - amulet of magic regeneration
HPRegen 0.13/turn               (no ring)
MPRegen 0.49/turn               (no ring)

@: paralysed
A: horns 1, sturdy frame 1
a: Renounce Religion, Berserk, Trog's Hand


You were on level 3 of the Dungeon.
You worshipped Trog.
Trog was pleased with you.
You visited 1 branch of the dungeon, and saw 3 of its levels.

You collected 71 gold pieces.

Inventory:

Hand Weapons
 a - a +0 hand axe (weapon)
Missiles
 i - 38 sling bullets
 j - 49 stones (quivered)
Armour
 b - a +1 pair of gloves (worn)
 h - a +0 leather armour (worn)
Jewellery
 f - an amulet of magic regeneration (around neck)
Scrolls
 c - a scroll of teleportation {unknown}
 k - a scroll of enchant weapon {unknown}
Potions
 e - a potion of heal wounds {unknown}
 g - 2 potions of experience {unknown}
 l - 2 potions of berserk rage {unknown}
 m - a potion of haste {unknown}
 n - a potion of mutation {unknown}


   Skills:
 - Level 3.0 Fighting
 * Level 4.7 Axes
 * Level 3.1 Throwing
 - Level 1.7 Armour
 - Level 1.7 Dodging


You had 4 spell levels left.
You didn't know any spells.
Your spell library was empty.

Dungeon Overview and Level Annotations

Branches:
Dungeon (3/15)

Altars:

Annotations:
D:3 Grinder


Innate Abilities, Weirdness & Mutations

You have a pair of small horns on your head.
Your movements are slightly less encumbered by armour. (ER -2)


Message History

Unknown command.
Throw: 3 darts (poison)
Press: ? - help, Q - select action, (/) - cycle Shift-Dir - straight line, f/p - Grinder
Aim: Grinder (lightly wounded, very poisoned, 55% to hit)
You throw a poisoned dart. The poisoned dart hits Grinder.
Grinder is lightly wounded.
Grinder gestures at you.
You suddenly lose the ability to move!
A goblin comes into view. It is wielding a +0 club.
Grinder blinks!
You can move again.
Throw: 2 darts (poison)
Press: ? - help, Q - select action, (/) - cycle Shift-Dir - straight line, f/p - Grinder
Aim: Grinder (lightly wounded, poisoned, 55% to hit)
You throw a poisoned dart.
The poisoned dart closely misses Grinder.
Unknown command.
Throw: dart (poison)
Press: ? - help, Q - select action, (/) - cycle Shift-Dir - straight line, f/p - Grinder
Aim: Grinder (lightly wounded, poisoned, 55% to hit)
You throw a poisoned dart. The poisoned dart hits Grinder.
Grinder is lightly wounded.
Unknown command.
You barely miss the goblin. Your headbutt misses the goblin.
The goblin hits you but does no damage.
You hit Grinder. Your headbutt misses Grinder.
Grinder is moderately wounded.
You barely miss the goblin.
Grinder drinks a potion.
Grinder seems to grow stronger.
The goblin hits you with a +0 club. Grinder gestures at you.
You suddenly lose the ability to move!
The goblin hits you with a +0 club. Grinder hits you.
You writhe in agony.
Grinder looks more healthy.
The goblin hits you but does no damage. Grinder hits you!
You writhe in agony.
* * * LOW HITPOINT WARNING * * *
An endoplasm comes into view.
The goblin hits you but does no damage. Grinder hits you!
* * * LOW HITPOINT WARNING * * *
The goblin hits you with a +0 club.
You die...

.(.
##J.
..(###
..(.#
.(.#
#.(#
#5g#
#@#
#..#
#..#
#...
##...
....
#.#..
.....


You could see Grinder (strong), an endoplasm (wandering) and a goblin.

Vanquished Creatures
  Sigmund (D:2)
  Robin (D:2)
  6 endoplasms
  2 giant cockroaches
  8 hobgoblins
  3 jackals (D:1)
  6 ball pythons
  4 bats
  2 frilled lizards
  11 goblins (D:2)
  A kobold (D:2)
  5 rats (D:2)
50 creatures vanquished.

Notes
Turn   | Place    | Note
-------+----------+-------------------------------------------
     0 | D:1      | knot the Demonspawn Berserker began the quest for the Orb.
     0 | D:1      | Reached XP level 1. HP: 18/18 MP: 1/1
   267 | D:1      | Reached skill level 3 in Axes
   523 | D:1      | Gained mutation: You have a pair of small horns on your
                  | head. [demonic ancestry]
   523 | D:1      | Reached XP level 2. HP: 23/24 MP: 2/2
   753 | D:1      | You fall into a shaft and drop 1 floor!
  1127 | D:2      | Noticed Robin
  1141 | D:2      | Reached skill level 1 in Throwing
  1143 | D:2      | Reached XP level 3. HP: 17/27 MP: 3/3
  1149 | D:2      | Killed Robin
  1151 | D:2      | Reached ** piety under Trog
  1155 | D:2      | HP: 1/43 [goblin[Robin] (5)]
  1676 | D:2      | Noticed Sigmund
  1680 | D:1      | Found a faded altar of an unknown god.
  2250 | D:2      | Killed Sigmund
  2251 | D:2      | Reached skill level 4 in Axes
  2251 | D:2      | Reached XP level 4. HP: 35/35 MP: 4/4
  2251 | D:2      | Gained mutation: Your movements are slightly less
                  | encumbered by armour. (ER -2) [demonic ancestry]
  2251 | D:2      | Reached XP level 5. HP: 41/41 MP: 5/5
  2474 | D:3      | Noticed Grinder
  2477 | D:3      | Paralysed by Grinder for 6 turns
  2487 | D:3      | Paralysed by Grinder for 7 turns
  2490 | D:3      | HP: 1/41 [Grinder (8)]
  2491 | D:3      | Slain by a goblin

Illustrated notes

Levels and vault maps discovered:
D:1:      ebering_hopf_link, layout_loops_ring, ebering_ecumenical_altar_webs,
          grunt_decor_cap, minmay_close_crescents
D:2:      layout_rooms, nicolae_concentric_dashed_squares_wild, minmay_puff,
          uniq_sigmund, uniq_robin
D:3:      layout_rooms, uniq_grinder, uniq_natasha, uniq_jessica

Skill      XL: |  1  2  3 |
---------------+----------+-----
Axes           | 3 4 |  4.7
Throwing       | 1 3 |  3.1
Fighting       | |  3.0
Armour         | |  1.7
Dodging        | |  1.7

Action                   |  1- 3 |  4- 6 || total
-------------------------+-------+-------++-------
Melee: Hand axe          |   117 |     2 ||   119
       Headbutt          |    10 |       ||    10
Throw: Dart              |     9 |     5 ||    14
Invok: Berserk           |     2 |       ||     2
       Trog's Hand       |     1 |       ||     1
 Stab: Sleeping          |     1 |       ||     1
Armor: Animal skin       |     5 |       ||     5
       Leather armour    |    19 |     3 ||    22
Dodge: Dodged            |    82 |       ||    82

Table legend: (Time is in decaauts)
 A = Elapsed time spent in this place.
 B = Non-inter-level travel time spent in this place.
 C = Inter-level travel time spent in this place.
 D = Time resting spent in this place.
 E = Time spent auto-exploring this place.
 F = Levels seen in this place.
 G = Mean time per level.
                   A        B        C        D        E       F      G
               +--------+--------+--------+--------+--------+-----+--------+
         Total |   2514 |   2439 |     75 |    519 |   1582 |   3 |  838.0 |
       Dungeon |   2514 |   2439 |     75 |    519 |   1582 |   3 |  838.0 |
               +--------+--------+--------+--------+--------+-----+--------+

Top non-repeatable levels by time:
     D:1: 1294 daAuts
     D:2: 1203 daAuts
     D:3: 16 daAuts
